 Dungeon Crawl Stone Soup version 0.26-b1-32-g5d43845318 (webtiles) character file.

Game seed: 4110602465353345250

84 wakim the Vandal (level 4, -7/30 HPs)
             Began as a Halfling Hunter on Jan 11, 2021.
             Killed by divine providence
             ... invoked by an orc priest
              (14 damage)
             ... on level 2 of the Dungeon.
             The game lasted 00:04:09 (871 turns).

wakim the Vandal (Halfling Hunter)                   Turns: 871, Time: 00:04:10

Health: -7/30      AC:  4    Str: 13    XL:     4   Next: 74%
Magic:  4/4        EV: 15    Int:  9    God:
Gold:   83         SH:  0    Dex: 15    Spells: 3/3 levels left

rFire    . . .     SeeInvis .   b - +0 short sword
rCold    . . .     Faith    .   (shield restricted)
rNeg     . . .     Spirit   .   c - +0 leather armour
rPois    .         Reflect  .   (no helmet)
rElec    .         Harm     .   (no cloak)
rCorr    .         Rampage  .   k - +0 pair of gloves
Will     .....                  (no boots)
Stlth    ++........             (no amulet)
HPRegen  0.10/turn              (no ring)
MPRegen  0.09/turn              (no ring)

@: no status effects
A: small, mutation resistance 1
a: no special abilities


You were on level 2 of the Dungeon.
You visited 1 branch of the dungeon, and saw 2 of its levels.

You collected 83 gold pieces.

Inventory:

Hand Weapons
 a - a +1 hunting sling
 b - a +0 short sword (weapon)
 f - a +0 short sword
Missiles
 d - 2 sling bullets
 e - 55 stones (quivered)
Armour
 c - a +0 leather armour (worn)
 k - a +0 pair of gloves (worn)
Scrolls
 g - a scroll of magic mapping {unknown}
 h - a scroll of remove curse {unknown}
 o - a scroll of immolation {unknown}
 p - a scroll of enchant weapon {unknown}
Potions
 i - a potion of curing {unknown}
 j - a potion of magic {unknown}
 l - a potion of heal wounds {unknown}
 m - a potion of ambrosia {unknown}
 n - a potion of cancellation {unknown}


   Skills:
 + Level 2.4 Fighting
 * Level 6.8 Slings
 + Level 3.0 Dodging
 + Level 2.4 Stealth


You had 3 spell levels left.
You didn't know any spells.
Your spell library was empty.

Dungeon Overview and Level Annotations

Branches:
Dungeon (2/15)

Altars:


Innate Abilities, Weirdness & Mutations

You are small and have problems with some larger weapons.
You are somewhat resistant to further mutation.


Message History

Aim: an orc priest, wielding a +0 short sword (heavily wounded)
You shoot a sling bullet. The sling bullet hits the orc priest.
The orc priest is severely wounded.
Fire: 3 sling bullets
Press: ? - help, Q - select action, (/) - cycle Shift-Dir - straight line, f/p - orc priest
Aim: an orc priest, wielding a +0 short sword (severely wounded)
You shoot a sling bullet.
The sling bullet closely misses the orc priest.
b - a +0 short sword (weapon)
The orc priest closely misses you.
You barely miss the orc priest.
The orc priest is severely wounded.
The orc priest invokes the aid of Beogh against you.
Beogh smites you!
* * * LOW HITPOINT WARNING * * *
You hit the orc priest.
The orc priest is almost dead.
The orc priest calls down the wrath of Beogh upon you.
Beogh smites you!
You die...

..................
.........#........
.........#...>....
.................
##.###.......#.#
#.###..........
?.#####...........#..
.....?.........?.....
#....#.@.............
#.##...o$........(...
####(##...#.######
#)####...# (.. #...
.(†. #.## ..((. ..
..(..#


You could see an orc priest.

Vanquished Creatures
  An orc priest (D:2)
  An orc wizard (D:2)
  A leopard gecko (D:2)
  2 orcs (D:2)
  2 bats (D:1)
  5 goblins (D:1)
  2 hobgoblins
  2 jackals (D:1)
  2 frilled lizards (D:1)
  5 kobolds (D:1)
  4 rats
27 creatures vanquished.

Vanquished Creatures (others)
  2 jackals (D:1)
2 creatures vanquished.

Grand Total: 29 creatures vanquished

Notes
Turn   | Place    | Note
-------+----------+-------------------------------------------
     0 | D:1      | wakim the Halfling Hunter began the quest for the Orb.
     0 | D:1      | Reached XP level 1. HP: 14/14 MP: 1/1
   127 | D:1      | Reached skill level 6 in Slings
   127 | D:1      | Reached XP level 2. HP: 19/19 MP: 2/2
   519 | D:1      | Reached XP level 3. HP: 24/24 MP: 3/3
   858 | D:2      | Reached XP level 4. HP: 29/29 MP: 4/4
   871 | D:2      | Killed from afar by an orc priest

Illustrated notes

Levels and vault maps discovered:
D:1:      dpeg_arrival_pits, layout_basic, lemuel_old_faithful
D:2:      layout_rooms, overflow_temple_1_default, makhleb_grotto_becter,
          chequers_ecumenical_altar_island

Skill      XL: |  1  2  3  4 |
---------------+-------------+-----
Slings         | 6 |  6.8
Fighting       | 2 |  2.4
Stealth        | 2 |  2.4
Dodging        | 3 |  3.0

Action                   |  1- 3 |  4- 6 || total
-------------------------+-------+-------++-------
Melee: Short sword       |    22 |     2 ||    24
 Fire: Hunting sling     |    52 |     9 ||    61
Armor: Leather armour    |    13 |       ||    13
Dodge: Dodged            |    40 |     1 ||    41
